 Dungeon Sprint DCSS version 0.31-a0-636-ge1c0e020e0 (webtiles) character file.

Game seed: 12135783755772495250

1145 Conn the Thaumaturge (level 8, 0/46 HPs)
             Began as an Octopode Fire Elementalist on Aug 26, 2023.
             Was a Priest of Sif Muna.
             Succumbed to a killer bee's poison
             ... in the Dungeon (Sprint IV: "Fedhas' Mad Dash").
             The game lasted 00:08:23 (898 turns).

Conn the Thaumaturge (Octopode Fire Elementalist)    Turns: 898, Time: 00:08:24

Health: 0/46       AC:  1    Str: 13    XL:     8   Next: 37%
Magic:  4/23       EV: 14    Int: 20    God:    Sif Muna [***...]
Gold:   130        SH:  0    Dex: 12    Spells: 19/29 levels left

rFire   . . .        k - +4 spear of Fatasab {flame, SInv}
rCold   . . .        (no shield)
rNeg    . . .        (helmet restricted)
rPois   .            g - amulet of invisibility {+Inv}
rElec   .            e - +6 ring of strength
rCorr   .            (no ring)
SInv    +            (no ring)
Will    .....        (no ring)
Stlth   ++++         (no ring)
HPRegen 0.27/turn    (no ring)
MPRegen 0.18/turn    (no ring)
                     (no ring)

%: no teleportation
@: lethally poisoned (0 -> -13), very slightly contaminated
A: almost no armour, amphibious, 8 rings, camouflage 1, gelatinous body 1,
(nimble swimmer 1), tentacles
a: Renounce Religion, Evoke Invisibility, Channel Magic, Forget Spell


You were in the Dungeon.
You worshipped Sif Muna.
Sif Muna was most pleased with you.
You visited 1 branch You collected 130 gold pieces.

Inventory:

Hand Weapons
 i - a +0 rapier
 k - the +4 spear of Fatasab (weapon) {flame, SInv}
   (You found it in the Dungeon)

   SInv:      It lets you see invisible.
Jewellery
 e - a +6 ring of strength (left tentacle)
 g - the amulet of invisibility (around mantle) {+Inv}
   (You found it in the Dungeon)

   [amulet of nothing]

   +Inv:      It lets you turn invisible.
Scrolls
 h - a scroll of identify {unknown}
 j - a scroll of poison {unknown}
Potions
 a - 3 potions of magic
 d - a potion of haste


   Skills:
 + Level 0.2 Fighting
 + Level 4.6 Dodging
 - Level 5.0 Stealth
 - Level 0.7 Unarmed Combat
 * Level 11.4 Spellcasting
 * Level 5.9 Conjurations
 + Level 0.1 Hexes
 + Level 10.9 Fire Magic
 - Level 1.4 Evocations


You had 19 spell levels left.
You knew the following spells:

 Your Spells              Type           Power      Damage    Failure   Level
a - Foxfire               Conj/Fire      100%       2x1d9     1%          1
b - Scorch                Fire           100%       2d9       1%          2
c - Inner Flame           Hex/Fire       33%        N/A       1%          3
d - Flame Wave            Conj/Fire      45%        2d12      1%          4

Your spell library contained the following spells:

 Spells                   Type           Power      Damage    Failure   Level
 Volatile Blastmotes      Fire/Tloc      66%        2d15      1%          3


Dungeon Overview and Level Annotations

Branches:
Dungeon (1/1)

Altars:
Cheibriados
Dithmenos
Elyvilon
Gozag
Hepliaklqana
Kikubaaqudgha
Makhleb
Nemelex Xobeh
Okawaru
Qazlal
Ru
Sif Muna
Trog
Uskayaw
Vehumet
Wu Jian
Xom
Yredelemnul
Zin
The Shining One
Jiyva
Lugonu

Shops:
D [(:!


Innate Abilities, Weirdness & Mutations

You cannot wear most types of armour.
You are amphibious.
You can wear up to eight rings at the same time.
Your skin changes colour to match your surroundings (Stealth+).
Your rubbery body absorbs attacks. (AC +1, EV +1)
((You are camouflaged when in or above water. (Stealth+)))
You have tentacles for arms and can constrict up to eight enemies at once.


Message History

* * * LOW HITPOINT WARNING * * *
You are lethally poisoned!
The killer bee poisons you! The killer bee misses you.
The killer bee stings you!
* * * LOW HITPOINT WARNING * * *
You are more poisoned.
The killer bee poisons you!
You feel much better.
You feel very sick. The killer bee stings you! The killer bee stings you.
* * * LOW HITPOINT WARNING * * *
The killer bee misses you. The killer bee barely misses you.
Blink to where?
Press: ? - help, Dir - move target
As you read the scroll of blinking, it crumbles to dust.
* * * LOW HITPOINT WARNING * * *
You feel very sick.
Unknown command.
Unknown command.
Unknown command.
You aren't carrying any items that you can evoke.
Casting: Foxfire (safe; 1% risk of failure)
Confirm with . or Enter, or press ? or * to list all spells.
Flames lash the killer bee.
Flame seeps out of the killer bee.
The killer bee is almost dead.
The killer bee's fire resistance burns away.
* * * LOW HITPOINT WARNING * * *
You feel very sick.
The killer bee is engulfed in blazing flames.
Sif Muna accepts your kill.
The killer bee explodes!
The killer bee completely misses you.
Unknown command.
Unknown command.
Casting: Scorch (safe; 1% risk of failure)
Confirm with . or Enter, or press ? or * to list all spells.
Flames lash the killer bee.
You kill the killer bee!
Sif Muna accepts your kill.
You die...

################################
#<..P#.....#...@.#.⌠._._._._.⌠.#
#P.†.'.)...'.#...'.._._._._._..'
#PPPP#.....#.#§§§#..._._._._...#
###############○##.._._._._._..#
♣........'§§§#._._._._._.⌠.#
.....♣...y†#.§.###############
y.. ♣..♣..###### + #+#####


There were no monsters in sight!

Vanquished Creatures
  2 wandering mushrooms (D)
  A burning bush (D)
  3 scorpions (D)
  4 killer bees (D)
  4 oklob saplings (D)
  2 spriggans (D)
  A river rat (D)
  A rat (D)
18 creatures vanquished.

Vanquished Creatures (collateral kills)
  2 foxfires (D)
2 creatures vanquished.

Vanquished Creatures (others)
  21 foxfires (D)
21 creatures vanquished.

Grand Total: 41 creatures vanquished

Notes
Turn   | Place    | Note
-------+----------+-------------------------------------------
     0 | D        | Conn the Octopode Fire Elementalist began the quest for the
                  | Orb.
     0 | D        | Reached XP level 1. HP: 11/11 MP: 3/3
    18 | D        | Reached XP level 2. HP: 17/17 MP: 0/5
    62 | D        | Learned a level 2 spell: Scorch
    71 | D        | Noticed an oklob sapling
    74 | D        | Noticed a scorpion
    74 | D        | Found the amulet of invisibility {+Inv}
    79 | D        | Killed a scorpion
    80 | D        | Reached skill level 3 in Spellcasting
    80 | D        | Reached XP level 3. HP: 14/21 MP: 1/8
    80 | D        | Reached XP level 4. HP: 18/27 MP: 1/9
   164 | D        | Reached skill level 4 in Spellcasting
   220 | D        | Found an opulent altar of Gozag.
   220 | D        | Found a hazy altar of Hepliaklqana.
   220 | D        | Found a burning altar of Makhleb.
   220 | D        | Found a sparkling altar of Nemelex Xobeh.
   220 | D        | Found a snail-covered altar of Cheibriados.
   220 | D        | Found a sacrificial altar of Ru.
   220 | D        | Found a shimmering blue altar of Sif Muna.
   220 | D        | Found a shimmering altar of Xom.
   220 | D        | Found a basalt altar of Yredelemnul.
   223 | D        | Found a viscous altar of Jiyva.
   223 | D        | Found a bloodstained altar of Trog.
   223 | D        | Found an ornate altar of the Wu Jian Council.
   223 | D        | Noticed an oklob sapling priest
   224 | D        | Found an iron altar of Okawaru.
   224 | D        | Found a glowing silver altar of Zin.
   224 | D        | Found a shadowy altar of Dithmenos.
   225 | D        | Found a hide-covered altar of Uskayaw.
   225 | D        | Found an ancient bone altar of Kikubaaqudgha.
   226 | D        | Found a glowing golden altar of the Shining One.
   226 | D        | Found a stormy altar of Qazlal.
   226 | D        | Found a white marble altar of Elyvilon.
   227 | D        | Found a radiant altar of Vehumet.
   227 | D        | Found a corrupted altar of Lugonu.
   233 | D        | Killed an oklob sapling priest
   234 | D        | Reached skill level 1 in Evocations
   234 | D        | Reached XP level 5. HP: 31/31 MP: 1/12
   235 | D        | Became a worshipper of Sif Muna the Loreminder
   321 | D        | Reached skill level 5 in Spellcasting
   368 | D        | Learned a level 3 spell: Inner Flame
   373 | D        | Learned a level 4 spell: Flame Wave
   378 | D        | Reached * piety under Sif Muna
   379 | D        | Reached skill level 6 in Spellcasting
   384 | D        | Reached XP level 6. HP: 21/36 MP: 0/15
   490 | D        | Found Vopucw's Weapon Shop.
   490 | D        | Found Fac Torphuf's Antique Armour Emporium.
   499 | D        | Noticed a burning bush
   499 | D        | Noticed a wandering mushroom
   499 | D        | Noticed a wandering mushroom
   507 | D        | Reached skill level 7 in Spellcasting
   620 | D        | Killed a wandering mushroom
   620 | D        | Reached ** piety under Sif Muna
   621 | D        | Reached skill level 9 in Spellcasting
   621 | D        | Reached XP level 7. HP: 41/41 MP: 3/19
   623 | D        | Killed a wandering mushroom
   624 | D        | Reached skill level 10 in Spellcasting
   624 | D        | Reached skill level 5 in Conjurations
   624 | D        | Reached skill level 10 in Fire Magic
   739 | D        | Killed a burning bush
   740 | D        | Reached skill level 5 in Stealth
   740 | D        | Reached skill level 11 in Spellcasting
   740 | D        | Reached XP level 8. HP: 40/46 MP: 5/23
   745 | D        | Found Wyorch's Distillery.
   745 | D        | Found Goixu's Book Shoppe.
   748 | D        | Identified the +4 spear of Fatasab {flame, SInv}
   881 | D        | Noticed a queen bee
   889 | D        | Reached *** piety under Sif Muna
   894 | D        | HP: 1/46 [killer bee (10)]
   898 | D        | Succumbed to a killer bee's poison

Illustrated notes

Levels and vault maps discovered:
D:        dungeon_sprint_fedhas [sprint_temple]

Skill      XL: |  1  2  3  4  5  6  7 |
---------------+----------------------+-----
Stealth        | 3 4 5 |  5.0
Fire Magic     | 4 6 7 8 9 10 | 10.9
Dodging        | 3 4 |  4.6
Spellcasting   | 3 4 6 9 11 | 11.4
Conjurations   | 2 3 4 5 |  5.9
Evocations     | 1 |  1.4
Fighting       | |  0.2
Unarmed Combat | |  0.7
Hexes          | |  0.1

Action                     |  1- 3 |  4- 6 |  7- 9 || total
---------------------------+-------+-------+-------++-------
  Melee: Unarmed           |     8 |     2 |       ||    10
         Tentacles         |     3 |       |       ||     3
         Constrict         |     2 |     1 |       ||     3
         Punch             |       |     1 |       ||     1
   Cast: Foxfire           |     4 |     7 |     3 ||    14
         Scorch            |     1 |    19 |    12 ||    32
         Flame Wave        |       |     2 |     2 ||     4
         Inner Flame       |       |     2 |     2 ||     4
Ability: Evoke Invisibilit |       |     3 |     1 ||     4
    Use: Potion            |     1 |       |     2 ||     3
         Scroll            |       |       |     1 ||     1
  Dodge: Dodged            |     1 |     4 |    18 ||    23

Table legend: (Time is in decaauts)
 A = Elapsed time spent in this place.
 B = Non-inter-level travel time spent in this place.
 C = Inter-level travel time spent in this place.
 D = Time resting spent in this place.
 E = Time spent auto-exploring this place.
 F = Levels seen in this place.
 G = Mean time per level.
                   A        B        C        D        E       F      G
               +--------+--------+--------+--------+--------+-----+--------+
         Total |    907 |    907 |      0 |    614 |      0 |   1 |  907.0 |
       Dungeon |    907 |    907 |      0 |    614 |      0 |   1 |  907.0 |
               +--------+--------+--------+--------+--------+-----+--------+

Top non-repeatable levels by time:
       D: 907 daAuts
